 Dungeon Sprint DCSS version 0.23-a0-565-g3e74e4c (webtiles) character file.

367 KernelPanic the Nimble (level 6, 0/93 HPs)
             Began as a Minotaur Berserker on Dec 13, 2018.
             Was an Elder of Trog.
             Slain by a yaktaur
             ... wielding an uncursed staff of death
              (5 damage)
             ... in the Dungeon (Sprint V: "Ziggurat Sprint").
             The game lasted 00:04:33 (387 turns).

KernelPanic the Nimble (Minotaur Berserker)          Turns: 387, Time: 00:04:33

Health: 0/93       AC: 21    Str: 40    XL:     6   Next: 41%
Magic:  5/5        EV: 10    Int:  4    God:    Trog [****..]
Gold:   0          SH:  0    Dex: 10    Spells: 5/5 levels left

rFire    + . .     SeeInvis .   k - +5 executioner's axe
rCold    + . .     Gourm    .   (shield currently unavailable)
rNeg     . . .     Faith    .   j - +5 gold dragon scales
rPois    +         Spirit   .   (helmet restricted)
rElec    .         Reflect  .   (no cloak)
rCorr    .         Harm     .   (no gloves)
MR       ++...     NoTele   +   (no boots)
Stlth    ..........             (no amulet)
HPRegen  1.25/turn              v - +6 ring of strength
MPRegen  0.09/turn              w - +6 ring of strength

@: berserking, regenerating, studying Unarmed Combat, very quick
A: retaliatory headbutt, horns 2
a: Berserk, Trog's Hand, Brothers in Arms, Renounce Religion


You were in the Dungeon.
You worshipped Trog.
Trog was greatly pleased with you.
You were hungry.

You visited 1 branch

Inventory:

Hand Weapons
 a - a +0 hand axe
 k - a +5 executioner's axe (weapon)
Armour
 b - a +0 animal skin
 j - +5 gold dragon scales (worn)
Jewellery
 r - a +6 ring of dexterity
 s - a +6 ring of dexterity
 t - a +6 ring of intelligence
 u - a +6 ring of intelligence
 v - a +6 ring of strength (left hand)
 w - a +6 ring of strength (right hand)
 x - an uncursed ring of flight
 D - an uncursed ring of protection from cold
Wands
 z - a wand of disintegration (7)
 A - a wand of iceblast (7)
 B - a wand of acid (7)
Scrolls
 i - a scroll of blinking
Potions
 d - 10 potions of curing
 e - 10 potions of heal wounds
 f - 6 potions of haste
 g - 7 potions of magic
 h - 3 potions of berserk rage
 l - 2 potions of brilliance
 m - 2 potions of invisibility
 n - 4 potions of resistance
 o - a potion of experience
 p - 5 potions of agility
 q - 5 potions of might
Books
 C - a manual of Unarmed Combat
Miscellaneous
 y - a lightning rod (4/4)
 E - a lamp of fire
Comestibles
 c - 7 rations


   Skills:
 + Level 8.6 Fighting
 + Level 8.6 Axes
 + Level 8.1 Armour
 * Level 9.0 Dodging


You had 5 spell levels left.
You didn't know any spells.
Your spell library was empty.

Dungeon Overview and Level Annotations

Branches:
Dungeon (1/1)

Altars:
Ashenzari
Cheibriados
Dithmenos
Elyvilon
Fedhas
Gozag
Hepliaklqana
Kikubaaqudgha
Makhleb
Nemelex Xobeh
Okawaru
Qazlal
Ru
Sif Muna
Trog
Uskayaw
Vehumet
Wu Jian
Xom
Yredelemnul
Zin
The Shining One
Beogh
Jiyva
Lugonu

Annotations:
D 1 transporter


Innate Abilities, Weirdness & Mutations

You reflexively headbutt those who attack you in melee.
You have a pair of horns on your head.


Message History

You slice the centaur!!
You kill the centaur!
Trog accepts your kill.
You can now call in reinforcements.
Your Armour skill increases to level 8!
Your Dodging skill increases to level 9!
The yaktaur shoots a bolt.
The bolt hits you but does no damage.
The yaktaur shoots a bolt.
The bolt hits you!!
* * * LOW HITPOINT WARNING * * *
Things that are here:
a cursed -1 shortbow; 26 arrows; a centaur corpse You slice the yaktaur!!
You headbutt the yaktaur!
The yaktaur is almost dead.
You slice the yaktaur!!
The yaktaur unwields a +0 arbalest.
The yaktaur closely misses you. You furiously retaliate!
You headbutt the yaktaur!
The yaktaur unwields a +0 arbalest.
The yaktaur wields an uncursed staff of death.
The yaktaur hits you with an uncursed staff of death!
* * * LOW HITPOINT WARNING * * *
You writhe in agony!
You die...

▓..††.▓.....▓..©.
▓..©..▓..©..▓▓▓▓▓
▓▓▓▓▓▓▓▓▓▓▓▓▓▓
▓..8©8...▓
▓...=:...▓
▓...)....▓
▓........▓
▓cc......▓
▓@▓....▓.▓
▓(((©....▓
▓▓▓▓▓▓▓▓▓▓


You could see 2 yaktaurs.

Vanquished Creatures
  A hell hound (D)
  2 centaurs (D)
  An orc priest (D)
  2 orc wizards (D)
  2 adders (D)
  A shadow imp (D)
  2 ball pythons (D)
11 creatures vanquished.

Vanquished Creatures (others)
  A spatial maelstrom (D)
1 creature vanquished.

Grand Total: 12 creatures vanquished

Notes
Turn   | Place    | Note
-------+----------+-------------------------------------------
     0 | D        | Found the +6 Majin-Bo {vamp, Archmagi MP+6 Int+6}
     0 | D        | Found the +7 great mace "Firestarter" {inner flame, rF++}
     0 | D        | KernelPanic the Minotaur Berserker began the quest for the
                  | Orb.
     0 | D        | Reached XP level 1. HP: 19/19 MP: 0/0
     9 | D        | Banished a spatial maelstrom
    14 | D        | Found a blossoming altar of Fedhas.
    15 | D        | Found a viscous altar of Jiyva.
    15 | D        | Found a hazy altar of Hepliaklqana.
    15 | D        | Found a transporter.
    15 | D        | Found an opulent altar of Gozag.
    15 | D        | Found an ancient bone altar of Kikubaaqudgha.
    15 | D        | Found a corrupted altar of Lugonu.
    17 | D        | Banished a spatial maelstrom
    30 | D        | Found a burning altar of Makhleb.
    31 | D        | Found a sacrificial altar of Ru.
    31 | D        | Found a stormy altar of Qazlal.
    31 | D        | Found a deep blue altar of Sif Muna.
    31 | D        | Found an iron altar of Okawaru.
    31 | D        | Found a bloodstained altar of Trog.
    31 | D        | Found a sparkling altar of Nemelex Xobeh.
    71 | D        | Entered arena 2.
    71 | D        | Noticed a hell hound
    71 | D        | Found a transporter.
    73 | D        | Reached skill level 3 in Dodging
    82 | D        | Killed a hell hound
    82 | D        | Reached ** piety under Trog
    82 | D        | Reached skill level 5 in Dodging
    82 | D        | Reached XP level 2. HP: 4/31 MP: 1/1
    82 | D        | Reached XP level 3. HP: 6/38 MP: 2/2
    82 | D        | Reached XP level 4. HP: 7/45 MP: 3/3
   343 | D        | Entered arena 3.
   343 | D        | Found a transporter.
   344 | D        | Identified the cursed +2 battleaxe "Zitti" {drain, rElec}
   350 | D        | Reached skill level 6 in Dodging
   350 | D        | Reached XP level 5. HP: 52/52 MP: 4/4
   352 | D        | Reached *** piety under Trog
   352 | D        | Reached skill level 7 in Dodging
   362 | D        | Entered arena 4.
   362 | D        | Found a transporter.
   365 | D        | Received a gift from Trog
   378 | D        | Entered arena 5.
   378 | D        | Noticed a yaktaur
   378 | D        | Noticed a yaktaur
   378 | D        | Noticed a centaur
   378 | D        | Noticed a centaur
   378 | D        | Found a transporter.
   380 | D        | Killed a centaur
   380 | D        | Reached skill level 8 in Dodging
   380 | D        | Reached XP level 6. HP: 43/61 MP: 5/5
   385 | D        | Reached **** piety under Trog
   385 | D        | Reached skill level 9 in Dodging
   387 | D        | Slain by a yaktaur

Vault maps used:
D:        sprint_v

Skill      XL: |  1  2  3  4  5  6 |
---------------+-------------------+-----
Fighting       | 6 7 8 |  8.6
Axes           | 6 7 8 |  8.6
Armour         | 6 7 8 |  8.1
Dodging        | 5 6 8 9 |  9.0

Action                   |  1- 3 |  4- 6 || total
-------------------------+-------+-------++-------
Melee: Executioner's axe |    11 |    11 ||    22
       Headbutt          |     1 |     2 ||     3
Invok: Berserk           |       |     2 ||     2
       Trog's Hand       |       |     2 ||     2
Evoke: Lamp of fire      |       |     1 ||     1
Armor: Gold dragon scale |    12 |    10 ||    22
Dodge: Dodged            |    10 |    10 ||    20

Table legend:
 A = Non-vault XP
 B = Vault XP
 C = Vault XP percentage of total XP
 D = Non-vault monster count
 E = Vault monster count
 F = Vault count percentage of total count
                 A         B        C        D         E       F
            +---------+---------+-------+---------+---------+-------
      Total |       0 |     525 | 100.0 |       0 |      11 | 100.0
            +---------+---------+-------+---------+---------+-------
          D |       0 |     525 | 100.0 |       0 |      11 | 100.0
            +---------+---------+-------+---------+---------+-------
